 Dungeon Crawl Stone Soup version 0.27.1 (webtiles) character file.

Game seed: 16388990559540544104

144 hawla the Grave Robber (level 5, -1/29 HPs)
             Began as a Deep Elf Necromancer on Aug 22, 2021.
             Slain by a phantom (8 damage)
             ... on level 4 of the Dungeon.
             The game lasted 00:09:02 (4321 turns).

hawla the Grave Robber (Deep Elf Necromancer)       Turns: 4321, Time: 00:09:02

Health: -1/29      AC:  4    Str:  5    XL:     5   Next: 5%
Magic:  13/13      EV: 13    Int: 21    God:
Gold:   96         SH:  0    Dex: 15    Spells: 4/12 levels left

rFire    . . .     SeeInvis .   j - +2 quarterstaff (chaos)
rCold    . . .     Faith    .   (shield currently unavailable)
rNeg     + . .     Spirit   .   a - +0 robe
rPois    .         Reflect  .   (no helmet)
rElec    .         Harm     .   f - +1 cloak
rCorr    .         Rampage  .   (no gloves)
Will     .....                  (no boots)
Stlth    +++.......             (no amulet)
HPRegen  0.09/turn              c - ring of positive energy
MPRegen  0.13/turn              (no ring)

@: mighty
A: no striking features
a: no special abilities


You were on level 4 of the Dungeon.
You visited 1 branch of the dungeon, and saw 4 of its levels.

You collected 96 gold pieces.

Inventory:

Hand Weapons
 j - a +2 quarterstaff of chaos (weapon)
Missiles
 i - 4 boomerangs (quivered)
Armour
 a - a +0 robe (worn)
 f - a +1 cloak (worn)
Jewellery
 c - a ring of positive energy (left hand)
Scrolls
 d - a scroll of identify
Potions
 g - 2 potions of curing


   Skills:
 - Level 1.0 Fighting
 - Level 3.0 Dodging
 + Level 4.4 Stealth
 - Level 4.0 Spellcasting
 + Level 5.8 Necromancy


You had 4 spell levels left.
You knew the following spells:

 Your Spells              Type           Power      Damage    Failure   Level
a - Pain                  Necr           100%       1d9       1%          1
b - Vampiric Draining     Necr           14%        2d8       3%          3
c - Animate Dead          Necr           14%        N/A       11%         4

Your spell library contained the following spells:

 Spells                   Type           Power      Damage    Failure   Level
 Animate Skeleton         Necr           56%        N/A       1%          1
 Ozocubu's Armour         Ice            4%         N/A       34%         3
 Agony                    Necr           28%        N/A       30%         5
 Ozocubu's Refrigeration  Ice            2%         4d5       100%        7


Dungeon Overview and Level Annotations

Branches:
Dungeon (4/15)
 Temple: D:4-7

Altars:
Elyvilon

Annotations:
D:3 2 transporters


Message History

The phantom misses you. The phantom completely misses you.
You barely miss the phantom.
The phantom is heavily damaged.
Your hobgoblin zombie completely misses the phantom.
The phantom hits you.
Your hobgoblin zombie misses the phantom.
You are confused.
You feel invigorated. The phantom hits you!
* * * LOW HITPOINT WARNING * * *
The phantom blinks!
You blink.
Your hobgoblin zombie crumbles into dust!
The phantom misses you.
You feel less invigorated.
You feel less confused.
The phantom hits you but does no damage.
You miss the phantom.
The phantom is heavily damaged.
The phantom barely misses you.
You miss the phantom.
The phantom is moderately damaged.
The phantom hits you!
The phantom blinks!
You blink.
The phantom barely misses you.
It was a potion of might.
You feel very mighty all of a sudden.
The phantom hits you but does no damage.
You miss the phantom.
The phantom is moderately damaged.
The phantom hits you but does no damage.
You closely miss the phantom.
The phantom is moderately damaged.
The phantom misses you.
You closely miss the phantom.
The phantom is moderately damaged.
The phantom hits you.
* * * LOW HITPOINT WARNING * * *
You closely miss the phantom.
The phantom is moderately damaged.
The phantom hits you but does no damage.
The phantom hits you!
You die...

#..##...........#...........
#..##.........###..........#
#..#####..###.##.....$......
####..##.....#
##..............
.........###.#
#...##..###....
.###..####..## ###......#
#.. #..# #.?. #####.####..#
. #.##...#. #W....# #....
#....# ## ##@...# ..###
####..### #...## ..#
#.<.....# #...# # #.......#
#...# #......)# #...#
........# #...# #.......#
#...# #.......# #...#
#.......#


You could see a phantom (agile).

Vanquished Creatures
  Crazy Yiuf (D:2)
  5 adders
  A worm (D:2)
  5 ball pythons
  4 endoplasms
  2 giant cockroaches
  2 goblins (D:1)
  5 hobgoblins
  11 jackals
  11 kobolds
  2 quokkas
  7 bats
  5 frilled lizards
  7 rats
68 creatures vanquished.

Vanquished Creatures (collateral kills)
  A jackal (D:3)
1 creature vanquished.

Grand Total: 69 creatures vanquished

Notes
Turn   | Place    | Note
-------+----------+-------------------------------------------
     0 | D:1      | hawla the Deep Elf Necromancer began the quest for the Orb.
     0 | D:1      | Reached XP level 1. HP: 10/10 MP: 6/6
   353 | D:1      | Reached XP level 2. HP: 12/16 MP: 5/8
   360 | D:1      | Reached skill level 5 in Necromancy
   987 | D:1      | Reached XP level 3. HP: 12/20 MP: 8/10
   991 | D:1      | Learned a level 3 spell: Vampiric Draining
  1044 | D:1      | Reached skill level 1 in Fighting
  1383 | D:1      | Found a faded altar of an unknown god.
  2256 | D:2      | Reached XP level 4. HP: 25/25 MP: 12/12
  2261 | D:2      | Learned a level 4 spell: Animate Dead
  2472 | D:2      | Found a runed translucent door.
  2473 | D:2      | Noticed Crazy Yiuf
  2710 | D:2      | Found a white marble altar of Elyvilon.
  2965 | D:2      | Killed Crazy Yiuf
  3442 | D:3      | Found a transporter.
  3664 | D:3      | Found a transporter.
  3726 | D:3      | Reached XP level 5. HP: 29/29 MP: 13/13
  4285 | D:4      | Noticed a phantom
  4321 | D:4      | Slain by a phantom

Illustrated notes

Levels and vault maps discovered:
D:1:      saegor_arrival_simple_d, layout_rooms, basic_ecumenical_altar
D:2:      layout_basic, basic_altar, uniq_crazy_yiuf_cottage
D:3:      gammafunk_steamed_eel, layout_basic
D:4:      layout_rooms, mainiacjoe_overflow_boulevard, lemuel_tele_altar,
          serial_rivers, chequers_serial_rivers_micro_e,
          chequers_serial_rivers_room_b, chequers_serial_rivers_micro_c,
          chequers_serial_rivers_micro_b, chequers_serial_rivers_small_b,
          chequers_serial_rivers_room_b, amethyst_killhole, chequers_mini_garden

Skill      XL: |  1  2  3  4 |
---------------+-------------+-----
Necromancy     | 5 |  5.8
Dodging        | 3 |  3.0
Stealth        | 3 4 |  4.4
Fighting       | 1 |  1.0
Spellcasting   | 4 |  4.0

Action                   |  1- 3 |  4- 6 || total
-------------------------+-------+-------++-------
Melee: Short sword       |    55 |    22 ||    77
       Quarterstaff      |       |    48 ||    48
Throw: Boomerang         |       |     4 ||     4
 Cast: Pain              |    39 |       ||    39
       Vampiric Draining |     1 |     4 ||     5
       Animate Dead      |       |     8 ||     8
  Use: Scroll            |     3 |     2 ||     5
       Potion            |     1 |     2 ||     3
 Stab: Sleeping          |     3 |     4 ||     7
Armor: Robe              |    21 |    19 ||    40
Dodge: Dodged            |    54 |    52 ||   106
